Map: 2000 Atmospheres LE

Players

MarineLorD

  • Race: Terran Terran
  • League: Master

GunGFuBanDa - Winner!

  • Race: Protoss Protoss

Event: DreamHack SC2 Masters 2021 Winter

VOD

Have the link to the VOD?

Description

Time

  • Played on: Oct. 6, 2021, 11:09 a.m.
  • Length: 17:09

All games in this series

Show
View Real Time Build Order
Export as new Build Order

MarineLorD Terran 

Build Orders:  

Get SALT Encoding   

  12  0:00  SCV  
  13  0:12  SCV  
  14  0:18  Supply Depot  
  14  0:24  SCV  
  15  0:39  Barracks  
  15  0:51  Barracks  
  15  0:54  SCV  
  16  1:06  SCV  
  16  1:07  Refinery  
  17  1:18  SCV  
  18  1:26  Marine  
  18  1:30  Orbital Command  
  19  1:37  Supply Depot  
  19  1:38  Marine  
  20  1:44  Marine  
  21  1:55  Bunker  
  21  1:57  Marine  
  21  1:59  SCV  
  23  2:01  Marine  
  24  2:11  Factory  
  24  2:15  Marine  
  25  2:19  Marine  
  25  2:21  SCV  
  27  2:33  SCV, Marine  
  27  2:35  Supply Depot  
  29  2:48  Marine  
  31  2:52  Marine  
  31  2:55  Factory Tech Lab  
  31  2:56  SCV  
  31  2:57  Refinery  
  32  3:06  Marine  
  32  3:08  SCV  
  34  3:14  Cyclone  
  37  3:20  SCV  
  37  3:28  Supply Depot  
  37  3:33  SCV  
  38  3:45  SCV  
  38  3:46  Starport  
  38  3:52  Siege Tank  
  41  3:57  SCV  
  41  4:04  Bunker  
  41  4:05  Supply Depot  
  41  4:09  SCV  
  40  4:27  SCV  
  40  4:30  Siege Tank  
  40  4:31  Command Center  
  44  4:39  Starport Tech Lab  
  44  4:41  SCV  
  45  4:53  SCV  
  45  5:01  Cloaking Field, Banshee  
  45  5:05  SCV  
  49  5:12  Marine x2  
  51  5:17  SCV  
  51  5:21  Siege Tank  
  55  5:30  SCV  
  55  5:34  Supply Depot  
  55  5:42  Marine  
  55  5:49  Marine  
  55  5:51  SCV  
  55  5:52  Banshee  
  55  5:54  Orbital Command  
  57  6:00  Barracks  
  57  6:03  SCV  
  58  6:10  Marine x2  
  56  6:16  SCV  
  49  6:25  Supply Depot, Engineering Bay  
  49  6:28  SCV x2  
  51  6:35  Marine x2  
  56  6:40  SCV  
  58  6:51  Marine  
  58  6:52  SCV, Stimpack  
  58  6:53  Marine  
  57  6:56  Terran Infantry Weapons Level 1  
  57  6:57  Missile Turret  
  57  7:00  Supply Depot  
  57  7:03  Siege Tank  
  57  7:04  SCV  
  61  7:09  Marine x2  
  61  7:11  Marine  
  64  7:20  SCV  
  65  7:27  Marine x2  
  65  7:28  Orbital Command  
  65  7:29  Marine  
  63  7:32  SCV  
  60  7:38  Siege Tank  
  63  7:44  Medivac, SCV  
  63  7:45  Marine  
  68  7:56  Barracks Tech Lab  
  68  7:57  SCV, Barracks Reactor  
  68  7:58  Supply Depot  
  68  8:03  Marauder  
  70  8:10  Supply Depot  
  70  8:11  Hellion  
  69  8:21  Combat Shield  
  69  8:22  Marauder, Orbital Command  
  69  8:25  Marauder  
  73  8:28  SCV  
  73  8:34  Marine  
  73  8:43  Marauder, Missile Turret  
  73  8:48  SCV  
  67  9:03  Marine x2  
  67  9:04  Marauder  
  67  9:06  Starport Reactor  
  71  9:13  Supply Depot  
  71  9:14  Supply Depot  
  71  9:15  Factory Reactor  
  71  9:19  Refinery  
  71  9:20  Refinery  
  71  9:21  Marine x3  
  74  9:25  Marine  
  75  9:38  Supply Depot  
  75  9:39  Marine  
  75  9:40  Supply Depot  
  75  9:42  Medivac x2  
  75  9:43  Marauder, Marine  
  75  9:44  Marine  
  84  9:52  Command Center  
  84  9:58  Concussive Shells  
  86  10:00  Marauder  
  86  10:01  Marine x2  
  86  10:04  Marauder  
  90  10:09  Barracks  
  90  10:10  Barracks  
  90  10:12  Widow Mine x2  
  94  10:16  Medivac  
  94  10:18  Medivac  
  98  10:22  Marauder  
  98  10:25  Marine x2  
  102  10:34  Marauder, SCV x2  
  106  10:36  Widow Mine x2  
  110  10:46  SCV, Marine  
  110  10:47  Marauder  
  100  10:50  SCV  
  100  10:55  Marine  
  100  10:56  Marauder  
  94  10:58  Widow Mine x2  
  94  10:59  SCV  
  94  11:02  SCV  
  99  11:07  Marine x2  
  99  11:08  Marauder x2  
  99  11:10  Medivac, Orbital Command  
  99  11:11  SCV  
  104  11:14  SCV  
  104  11:17  Marauder  
  103  11:23  SCV  
  103  11:24  Marine  
  103  11:25  Marine  
  102  11:29  Marauder x2  
  106  11:38  Marine  
  106  11:39  Marauder  
  103  11:40  Terran Infantry Armor Level 1, Orbital Command  
  103  11:42  Ghost Academy, Marine  
  103  11:43  Marine  
  103  11:50  Marauder, Marine  
  106  11:56  Marine  
  106  12:00  Marauder, Marine  
  106  12:01  Marine  
  99  12:07  Medivac  
  99  12:08  Marine  
  87  12:11  Marine  
  87  12:14  Marine  
  70  12:18  Marine x2  
  70  12:21  Marine  
  68  12:26  Marine  
  68  12:27  Medivac  
  68  12:28  Widow Mine  
  68  12:29  Marine  
  72  12:30  SCV  
  72  12:32  Marine  
  72  12:36  Marine x2  
  76  12:37  Medivac, SCV  
  76  12:41  Marine  
  80  12:44  SCV x2  
  80  12:49  SCV  
  83  12:53  Armory  
  83  12:56  Widow Mine x2, SCV  
  88  13:00  Ghost  
  88  13:05  SCV x2  
  92  13:08  SCV  
  92  13:09  Ghost  
  92  13:11  Ghost  
  97  13:17  SCV x2, Medivac  
  97  13:19  Medivac  
  103  13:25  Marine  
  103  13:26  Marine  
  105  13:28  Ghost  
  105  13:31  SCV x2  
  106  13:38  Widow Mine  
  106  13:43  SCV x2  
  106  13:46  SCV, Refinery x2, Bunker  
  106  13:47  Medivac  
  110  13:50  Marauder, Marine x2  
  113  13:55  SCV x2  
  113  13:58  SCV  
  113  14:00  Marauder  
  115  14:06  Marauder  
  115  14:07  Barracks Reactor, SCV, Marine  
  115  14:08  Widow Mine, SCV  
  121  14:11  Widow Mine  
  124  14:18  Terran Infantry Weapons Level 2  
  124  14:19  Missile Turret  
  123  14:27  Marauder x2, Marine  
  123  14:30  Widow Mine  
  130  14:32  Widow Mine  
  130  14:38  Marauder, Marine  
  129  14:45  Marine  
  132  14:46  Marine  
  132  14:48  Marauder, Marine  
  132  14:49  Marauder  
  126  14:56  Marine  
  121  15:00  Marauder  
  121  15:02  Marine  
  121  15:03  Marine  
  121  15:06  Marine  
  118  15:10  Marauder  
  118  15:11  Marauder  
  118  15:14  Marine  
  109  15:22  Marauder, Marine  
  109  15:27  Marine x2  
  114  15:29  SCV  
  114  15:30  Bunker  
  115  15:39  Marine  
  115  15:40  Marauder, Marine  
  119  15:42  Viking x2  
  119  15:44  Marauder, Marine  
  126  15:54  Orbital Command  
  120  16:10  Marauder, Marine x4  
  120  16:11  Marauder, Marine  
  125  16:28  Marine x2  
  125  16:29  Marauder, SCV x3  
  125  16:30  Marine x2  
  125  16:32  Medivac x2  
  136  16:37  Marauder, Marine  
Show
View Real Time Build Order
Export as new Build Order

GunGFuBanDa Protoss - Winner!

Build Orders: 1 Gate Expand 

Get SALT Encoding   

  12  0:00  Probe  
  13  0:12  Probe  
  14  0:21  Pylon  
  14  0:24  Probe  
  15  0:39  Gateway, Probe (Chrono Boost)  
  16  0:43  Assimilator  
  16  0:48  Probe (Chrono Boost)  
  17  0:53  Probe  
  18  1:05  Probe  
  19  1:18  Nexus  
  19  1:27  Cybernetics Core  
  19  1:31  Probe (Chrono Boost)  
  20  1:37  Assimilator  
  21  1:40  Probe (Chrono Boost)  
  21  1:47  Probe, Pylon  
  22  2:00  Probe  
  23  2:05  Warp Gate (Chrono Boost)  
  23  2:06  Stalker (Chrono Boost)  
  25  2:12  Probe  
  25  2:14  Shield Battery  
  26  2:25  Shield Battery  
  26  2:30  Probe  
  26  2:32  Stalker (Chrono Boost)  
  26  2:35  Pylon  
  29  2:39  Probe  
  30  2:46  Gateway  
  30  2:53  Gateway  
  30  3:09  Probe  
  31  3:24  Pylon  
  30  3:43  Twilight Council  
  30  3:47  Stalker x2  
  30  3:48  Stalker  
  36  3:52  Probe  
  37  4:07  Nexus  
  37  4:10  Pylon  
  37  4:14  Blink (Chrono Boost)  
  37  4:24  Stalker  
  37  4:29  Stalker  
  41  4:32  Sentry  
  41  4:36  Probe  
  44  4:41  Pylon  
  44  4:43  Phoenix  
  44  4:49  Probe  
  44  5:00  Robotics Facility  
  44  5:01  Probe  
  45  5:13  Probe  
  46  5:15  Stalker x2  
  50  5:23  Stalker  
  52  5:34  Probe  
  51  5:40  Probe  
  52  5:45  Stalker x2  
  52  5:46  Stalker  
  56  5:51  Probe  
  56  5:54  Probe  
  57  6:01  Charge (Chrono Boost)  
  57  6:06  Observer, Probe  
  49  6:21  Stalker x3  
  49  6:22  Probe  
  56  6:34  Probe (Chrono Boost)  
  57  6:40  Probe (Chrono Boost)  
  57  6:44  Stalker x2  
  57  6:46  Probe (Chrono Boost)  
  57  6:48  Probe (Chrono Boost)  
  58  6:56  Probe  
  58  6:59  Probe  
  60  7:04  Zealot  
  60  7:07  Pylon  
  62  7:08  Probe  
  62  7:11  Probe  
  62  7:14  Shield Battery  
  64  7:20  Probe  
  65  7:23  Probe  
  65  7:28  Forge  
  66  7:33  Probe (Chrono Boost)  
  66  7:36  Zealot x3  
  69  7:41  Assimilator  
  69  7:42  Assimilator  
  71  7:44  Probe (Chrono Boost)  
  71  7:45  Probe (Chrono Boost)  
  71  7:46  Templar Archives  
  71  7:50  Probe (Chrono Boost)  
  70  7:51  Probe (Chrono Boost)  
  69  7:59  Probe  
  69  8:02  Probe (Chrono Boost)  
  70  8:06  Stalker x2  
  75  8:14  Probe (Chrono Boost)  
  75  8:17  Probe (Chrono Boost)  
  75  8:18  Protoss Ground Armor Level 1 (Chrono Boost)  
  76  8:23  Probe (Chrono Boost)  
  73  8:37  Nexus  
  73  8:41  Zealot x2  
  77  8:48  Psionic Storm  
  69  9:00  High Templar  
  71  9:04  Pylon  
  71  9:11  Gateway x2  
  71  9:16  High Templar  
  73  9:20  Gateway, High Templar  
  75  9:25  Warp Prism  
  77  9:34  Pylon  
  77  9:40  Stalker  
  77  9:43  Probe x2, Pylon  
  81  9:55  High Templar  
  81  9:57  Sentry  
  81  9:59  Immortal (Chrono Boost)  
  83  10:04  Probe x2  
  83  10:05  Probe  
  90  10:13  Protoss Ground Weapons Level 1 (Chrono Boost)  
  90  10:16  Probe  
  90  10:17  Probe  
  90  10:19  Zealot x2  
  96  10:28  Zealot x3  
  102  10:32  Photon Cannon  
  90  11:00  Zealot x5  
  98  11:07  Immortal (Chrono Boost)  
  102  11:11  Probe  
  102  11:14  Pylon  
  95  11:24  Stalker x3, Zealot x2  
  103  11:37  Archon  
  103  11:39  Probe x2  
  94  11:40  Gateway  
  94  11:47  High Templar x4  
  96  11:48  Zealot  
  96  11:49  Probe  
  96  11:51  Probe x2  
  96  11:52  Archon x2  
  93  12:15  Zealot  
  81  12:19  Protoss Ground Weapons Level 2 (Chrono Boost)  
  81  12:22  Zealot x4  
  85  12:29  Immortal (Chrono Boost)  
  79  12:36  High Templar x2  
  85  12:39  Probe  
  85  12:40  Assimilator  
  85  12:43  Gateway, Shield Battery  
  86  12:44  Gateway  
  86  12:46  Probe  
  86  12:51  High Templar x2  
  89  12:54  Zealot, Sentry  
  95  13:01  Observer  
  95  13:03  Gateway  
  96  13:08  Pylon x2  
  96  13:20  Stalker x5  
  98  13:37  Probe  
  98  13:38  Nexus  
  98  13:40  Pylon  
  97  13:44  Zealot x6  
  97  13:45  Stalker x2  
  113  13:50  Immortal  
  113  13:51  Probe  
  113  13:55  Photon Cannon  
  114  14:02  Stalker  
  114  14:04  Probe x2  
  118  14:15  Robotics Bay  
  118  14:16  Zealot x4  
  118  14:17  Zealot x4  
  130  14:18  Observer  
  134  14:24  Observer  
  132  14:34  Immortal (Chrono Boost)  
  132  14:36  Archon  
  134  14:43  Zealot x3  
  134  14:56  Forge  
  134  14:58  Robotics Facility  
  126  15:00  Observer  
  116  15:22  Probe  
  116  15:23  Zealot  
  116  15:24  Probe x2  
  116  15:27  Photon Cannon, Probe  
  116  15:28  Shield Battery  
  122  15:34  Probe  
  123  15:39  Colossus (Chrono Boost)  
  123  15:40  Photon Cannon  
  129  15:46  Assimilator  
  129  15:48  Assimilator  
  129  15:50  Stalker  
  129  15:51  Stalker  
  129  15:52  High Templar x2  
  137  15:58  Nexus  
  139  16:21  Pylon  
  145  16:43  Archon  
  126  16:49  Zealot x9  

Tags
 
Add a new tag
Caveats
  • Supply blocks, unpowered buildings, or Contaminate may cause inaccurate times.
  • Supply counts are checked every 10 seconds.